 Dungeon Crawl Stone Soup version 0.24-a0-235-g3f03afcf10 (webtiles) character file.

Game seed: 5506473704602930330

31823 Hercules1031 the Fighter (level 13, 0/105 HPs)
             Began as a Demonspawn Fighter on Apr 3, 2019.
             Slain by a slime creature (10 damage)
             ... on level 2 of the Pits of Slime on Apr 6, 2019.
             The game lasted 00:42:43 (14537 turns).

Hercules1031 the Fighter (Demonspawn Fighter)      Turns: 14537, Time: 00:42:44

Health: 0/105      AC: 15    Str: 21 (22) XL:     13   Next: 28%
Magic:  13/13      EV:  9    Int: 10 (11) God:
Gold:   779        SH: 24    Dex: 18 (19) Spells: 12/12 levels left

rFire    . . .     SeeInvis .   E - +7 whip
rCold    + . .     Gourm    .   I - +1 large shield
rNeg     + . .     Faith    .   w - +0 plate armour
rPois    +         Spirit   .   (no helmet)
rElec    .         Reflect  +   t - +2 cloak
rCorr    .         Harm     .   H - +2 pair of gloves
MR       .....                  (boots unavailable)
Stlth    ..........             A - +5 amulet of reflection
HPRegen  0.67/turn              v - +5 ring of protection
MPRegen  0.13/turn              u - ring of the Doge {rPois rC+ rN+ AC+3 Dex+4 Stlth-}

@: corroded
A: hooves 3, molten scales 1, agile 1, demonic guardian 2, deterioration 1,
regeneration 1, strong 1
a: no special abilities


You were on level 2 of the Pits of Slime.
You were not hungry.

You visited 4 branches of the dungeon, and saw 19 of its levels.
You also visited: Ossuary.

You collected 909 gold pieces.
You spent 130 gold pieces at shops.

Inventory:

Hand Weapons
 a - a +1 war axe
 l - a +3 triple sword of electrocution
 x - a cursed +0 dire flail
 D - a +0 battleaxe
 E - a +7 whip (weapon)
 N - a +0 morningstar
Armour
 b - a +0 pair of boots
 c - a +1 shield
 e - a +0 troll leather armour
 t - a +2 cloak (worn)
 w - a +0 plate armour (worn)
 H - a +2 pair of gloves (worn)
 I - a +1 large shield (worn)
 P - the +1 chain mail of Gestures {Dex+6}
   (You found it on level 2 of the Lair of Beasts)

   It affects your dexterity (+6).
Jewellery
 k - an uncursed amulet of rage
 u - the ring of the Doge (right hand) {rPois rC+ rN+ AC+3 Dex+4 Stlth-}
   (You found it on level 7 of the Dungeon)

   [ring of protection]

   It affects your AC (+3).
   It affects your dexterity (+4).
   It protects you from cold.
   It protects you from poison.
   It protects you from negative energy.
   It makes you less stealthy.
 v - a +5 ring of protection (left hand)
 A - a +5 amulet of reflection (around neck)
 J - an uncursed ring of flight
 K - a +6 ring of dexterity
 T - a cursed ring of protection from magic {unknown}
 V - an uncursed ring of ice
 W - an uncursed ring of positive energy {unknown}
Wands
 p - a wand of clouds (4)
 r - a wand of random effects (12)
 y - a wand of digging (4)
 z - a wand of paralysis (17)
 C - a wand of flame (14)
 G - a wand of acid (10)
 L - a wand of scattershot (8)
 M - a wand of iceblast (2)
Scrolls
 i - 5 scrolls of magic mapping
 n - 3 scrolls of teleportation
 F - 9 scrolls of remove curse
 Q - 3 scrolls of fear
 S - 3 scrolls of identify
Potions
 d - a potion of might
 g - 4 potions of lignification
 h - 2 potions of agility
 j - 4 potions of brilliance
 m - 3 potions of cancellation
 o - 2 potions of ambrosia
 q - 2 potions of magic
 s - 2 potions of invisibility
 B - 6 potions of curing
 R - 2 potions of resistance
 U - a potion of flight {unknown}
Miscellaneous
 O - a lamp of fire
Comestibles
 f - 17 rations


   Skills:
 + Level 10.8 Fighting
 - Level 0.1 Long Blades
 - Level 5.7(7.6) Axes
 + Level 7.7(8.5) Maces & Flails
 + Level 9.9 Armour
 + Level 9.5 Dodging
 + Level 9.9 Shields


You had 12 spell levels left.
You didn't know any spells.
Your spell library contained the following spells:

 Spells                   Type           Power        Failure   Level  Hunger
 Animate Skeleton         Necr           N/A          100%        1    ##.....
 Apportation              Tloc           #.....       100%        1    ##.....
 Confusing Touch          Hex            #.....       100%        1    ##.....
 Freeze                   Ice            #...         100%        1    ##.....
 Summon Small Mammal      Summ           #...         100%        1    ##.....
 Throw Frost              Conj/Ice       #.....       100%        2    ###....
 Ozocubu's Armour         Chrm/Ice       #.......     100%        3    ####...
 Summon Ice Beast         Ice/Summ       #.......     100%        4    #####..
 Throw Icicle             Conj/Ice       #.......     100%        4    #####..


Dungeon Overview and Level Annotations

Branches:
Dungeon (11/15)            Temple (1/1) D:5            Lair (5/6) D:11
 Shoals (0/4) Lair:3        Snake (0/4) Lair:3        Slime (2/5) Lair:5
    Orc: D:9-12

Altars:
Ashenzari
Cheibriados
Dithmenos
Elyvilon
Fedhas
Gozag
Hepliaklqana
Kikubaaqudgha
Makhleb
Nemelex Xobeh
Okawaru
Qazlal
Ru
Sif Muna
Trog
Uskayaw
Vehumet
Wu Jian
Xom
Yredelemnul
Zin
The Shining One

Shops:
D:5 :   D:7 [   D:9 *


Innate Abilities, Weirdness & Mutations

You have hooves in place of feet.
You are partially covered in molten scales. (AC +2)
A demonic guardian rushes to your aid.
You are agile. (Dex +2)
Your body sometimes deteriorates upon taking damage.
Your natural rate of healing is unusually fast.
Your muscles are strong. (Str +2)


Message History

You block the slime creature's attack.
The slime creature hits you but does no damage.
You block the slime creature's attack. The acid blob spits acid at you.
The splash of acid hits you but does no damage.
The acid corrodes you!
You are splashed with acid!
Unknown command.
Unknown command.
You hit the slime creature.
The slime creature is almost dead.
Unknown command.
You hit the slime creature but do no damage.
You kick the slime creature.
You kill the slime creature!
The acid blob hits you!
* * * LOW HITPOINT WARNING * * *
The acid corrodes you!
You are splashed with acid!
* * * LOW HITPOINT WARNING * * *
The slime creature hits you!
You die...

##.# ......#.
...##........
##..#........<
##.............
##.........#.#..
#...............
##.....J.J.......
#......J@........
###...............#..
.#....#...............
......................
#...........>........
#...^..............#
#................#.#
#...#...............
##.#.............#.


You could see an acid blob and 2 slime creatures.

Vanquished Creatures
  2 hydras
  A two-headed ogre (D:11)
  A lindwurm (Lair:4)
  A manticore (D:11)
  A cyclops (D:11)
  2 black mambas (Lair:4)
  A merfolk siren (Lair:3)
  5 spiny frogs
  A gargoyle (D:11)
  A torpor snail (Lair:1)
  2 centaur skeletons (D:11)
  3 rime drakes
  3 komodo dragons
  A polar bear (Lair:5)
  5 hippogriffs
  4 blink frogs
  3 slime creatures (Slime:2)
  14 yaks
  3 wyverns
  2 basilisks
  A golden eye (Slime:2)
  A naga (Lair:3)
  12 water moccasins
  13 porcupines
  2 ice beasts (D:7)
  2 sky beasts
  2 black bears (D:11)
  3 orc warriors
  4 ogres
  3 wolves (Lair:4)
  A centaur (D:11)
  6 crocodiles
  A big kobold (D:11)
  14 bullfrogs
  6 scorpions
  A water moccasin skeleton (D:8)
  2 wights (D:11)
  2 bullfrog zombies
  2 crimson imps
  3 howler monkeys
  A quasit (D:9)
  3 hounds
  4 orc priests
  A human zombie (Ossuary)
  4 jellies (D:8)
  2 iguanas
  5 orc wizards
  7 worker ants
  5 hell rats (Lair:5)
  2 big kobold zombies (Ossuary)
  3 hound zombies
  A hound skeleton (D:9)
  A mummy (Ossuary)
  3 gnolls (D:3)
  17 adders
  A shadow imp (D:8)
  6 oozes
  A worm zombie (D:4)
  An adder zombie (D:9)
  2 adder skeletons
  4 worms
  2 dart slugs
  3 leopard geckos
  22 orcs
  A ball python (D:2)
  9 bats
  7 giant cockroaches
  7 goblins
  3 hobgoblins
  20 jackals
  14 kobolds
  7 quokkas
  7 frilled lizards
  11 hobgoblin zombies (Ossuary)
  3 jackal zombies (Ossuary)
  8 kobold zombies (Ossuary)
  3 orc zombies (Ossuary)
  4 rats
  2 rat zombies (Ossuary)
344 creatures vanquished.

Vanquished Creatures (collateral kills)
  Rupert (Lair:3)
  An azure jelly (Slime:2)
  Fannar (Lair:3)
  A hydra (D:11)
  A catoblepas (Lair:5)
  2 two-headed ogres
  The ghost of Zaque the Destroyer, a novice TeFE of Vehumet (D:8)
  An unseen horror (D:11)
  An ugly thing (D:11)
  6 spiny frogs
  Joseph (D:8)
  2 trolls (D:11)
  3 slime creatures (Slime:2)
  6 blink frogs
  2 wyverns
  29 yaks
  4 golden eyes (Slime:2)
  A basilisk (Lair:5)
  2 nagas (Lair:3)
  2 water moccasins (Lair:5)
  2 porcupines
  An orc warrior (D:6)
  2 ogres
  A black bear (D:11)
  A wolf (Lair:4)
  An eye of draining (Slime:2)
  A crocodile (Lair:3)
  A wyvern zombie (D:11)
  4 bullfrogs
  A water moccasin zombie (D:8)
  3 wights (D:11)
  A howler monkey (D:4)
  A centaur zombie (D:8)
  A bullfrog zombie (D:11)
  A crimson imp (D:8)
  A human zombie (Ossuary)
  A jelly (D:11)
  2 orc wizards (D:6)
  An orc priest (D:6)
  A centaur skeleton (D:11)
  Ijyb (D:5)
  4 worker ants
  A mummy (Ossuary)
  A killer bee simulacrum (D:8)
  A howler monkey zombie (D:8)
  An adder (D:6)
  A shadow imp (D:11)
  2 adder zombies
  A leopard gecko (D:5)
  2 orcs
  A jackal (D:4)
  A frilled lizard (D:4)
  A hobgoblin zombie (Ossuary)
  2 kobold zombies (Ossuary)
  2 orc zombies (Ossuary)
  A quokka skeleton (D:9)
  3 fungi
  2 plants (D:11)
124 creatures vanquished.

Vanquished Creatures (others)
  A centaur (D:11)
  46 fungi
  22 plants
69 creatures vanquished.

Grand Total: 537 creatures vanquished

Notes
Turn   | Place    | Note
-------+----------+-------------------------------------------
     0 | D:1      | Hercules1031 the Demonspawn Fighter began the quest for the
                  | Orb.
     0 | D:1      | Reached XP level 1. HP: 18/18 MP: 1/1
    78 | D:1      | Gained mutation: You have large cloven feet. [demonic
                  | ancestry]
    78 | D:1      | Reached XP level 2. HP: 21/24 MP: 2/2
   744 | D:2      | Gained mutation: A weak demonic guardian rushes to your
                  | aid. [demonic ancestry]
   744 | D:2      | Reached XP level 3. HP: 24/29 MP: 3/3
   785 | D:2      | Reached skill level 1 in Dodging
  1294 | D:2      | Gained mutation: A demonic guardian rushes to your aid.
                  | [demonic ancestry]
  1294 | D:2      | Reached XP level 4. HP: 26/35 MP: 4/4
  1556 | D:2      | Found a faded altar of an unknown god.
  2136 | D:3      | Found a hazy altar of Hepliaklqana.
  2147 | D:3      | Reached XP level 5. HP: 19/42 MP: 5/5
  2972 | D:4      | Found a sand-covered staircase.
  2998 | D:4      | Reached skill level 4 in Fighting
  3005 | D:4      | Reached XP level 6. HP: 21/48 MP: 6/6
  3055 | Ossuary  | Entered an ossuary
  3292 | Ossuary  | Gained mutation: Your magical capacity is low. (-10% MP)
                  | [potion of mutation]
  3292 | Ossuary  | Gained mutation: Your magical capacity is very low. (-20%
                  | MP) [potion of mutation]
  3292 | Ossuary  | Gained mutation: You occasionally shout uncontrollably at
                  | your foes. [potion of mutation]
  3292 | Ossuary  | Lost mutation: Your magical capacity is very low. (-20% MP)
                  | [potion of mutation]
  3325 | D:4      | Reached XP level 7. HP: 51/55 MP: 6/6
  4287 | D:4      | You fall through a shaft for 3 floors!
  4290 | D:7      | Upgraded the game from 0.24-a0-232-g49d9ff80d8 to
                  | 0.24-a0-235-g3f03afcf10
  4324 | D:7      | Lost mutation: You occasionally shout uncontrollably at
                  | your foes. [potion of mutation]
  4324 | D:7      | Lost mutation: Your magical capacity is low. (-10% MP)
                  | [potion of mutation]
  4324 | D:7      | Gained mutation: Your muscles are strong. (Str +2) [potion
                  | of mutation]
  4324 | D:7      | Gained mutation: You are agile. (Dex +2) [potion of
                  | mutation]
  4324 | D:7      | Gained mutation: Your body sometimes deteriorates upon
                  | taking damage. [potion of mutation]
  4324 | D:7      | Gained mutation: Your natural rate of healing is unusually
                  | fast. [potion of mutation]
  4346 | D:7      | Got an ancient pewter ring
  4348 | D:7      | You fall through a shaft for 3 floors!
  4348 | D:10     | Entered Level 10 of the Dungeon
  4367 | D:10     | Noticed a hippogriff
  4374 | D:10     | Killed a hippogriff
  4374 | D:10     | Reached skill level 5 in Fighting
  4499 | D:10     | Noticed a yak
  4499 | D:10     | Noticed a yak
  4499 | D:10     | Noticed a yak
  4513 | D:10     | Killed a yak
  4513 | D:10     | Reached XP level 8. HP: 62/62 MP: 8/8
  4530 | D:10     | Reached skill level 5 in Shields
  4588 | D:9      | Found a stormy altar of Qazlal.
  4592 | D:9      | Noticed an air elemental
  4604 | D:9      | Reached skill level 5 in Armour
  4616 | D:9      | Found a white marble altar of Elyvilon.
  4650 | D:8      | Found a burning altar of Makhleb.
  4661 | D:8      | Noticed a two-headed ogre
  4667 | D:8      | Killed a two-headed ogre
  4667 | D:8      | Reached skill level 6 in Fighting
  4667 | D:8      | Reached skill level 5 in Axes
  4755 | D:8      | Gained mutation: You are partially covered in molten
                  | scales. (AC +2) [demonic ancestry]
  4755 | D:8      | Reached XP level 9. HP: 61/69 MP: 9/9
  4775 | D:8      | Identified the ring of the Doge {rPois rC+ rN+ AC+3 Dex+4
                  | Stlth-} (You found it on level 7 of the Dungeon)
  4937 | D:5      | Entered Level 5 of the Dungeon
  5035 | D:5      | Found a staircase to the Ecumenical Temple.
  5041 | Temple   | Entered the Ecumenical Temple
  5473 | D:4      | Found a blossoming altar of Fedhas.
  5667 | D:5      | Found Roczesea's Book Emporium.
  5920 | D:5      | Noticed Ijyb
  5928 | D:5      | Reached skill level 5 in Dodging
  5930 | D:5      | Killed Ijyb
  6743 | D:7      | Found Raip Oci's Antique Armour Shoppe.
  6829 | D:7      | Bought a large shield for 130 gold pieces
  6921 | D:7      | Found a snail-covered altar of Cheibriados.
  6921 | D:7      | Found a shadowy altar of Dithmenos.
  6927 | D:7      | Found a faded altar of an unknown god.
  6929 | D:7      | Found a faded altar of an unknown god.
  6931 | D:7      | Found an ornate altar of the Wu Jian Council.
  7069 | D:7      | Found an opulent altar of Gozag.
  7213 | D:8      | Noticed Joseph
  7218 | D:8      | Killed Joseph
  7218 | D:8      | Reached skill level 7 in Fighting
  7218 | D:8      | Reached skill level 1 in Maces & Flails
  7480 | D:8      | Gained mutation: You have hoof-like feet. [demonic
                  | ancestry]
  7480 | D:8      | Reached XP level 10. HP: 79/79 MP: 10/10
  7534 | D:8      | Found a runed translucent gate.
  7534 | D:8      | Found a runed translucent gate.
  7534 | D:8      | Found a runed translucent gate.
  7542 | D:8      | Noticed Zaque's ghost (novice TeFE)
  7552 | D:8      | Killed Zaque's ghost
  7731 | D:9      | Found Siziwesa's Assorted Antiques.
  8699 | D:11     | Noticed a gargoyle
  8710 | D:11     | Killed a gargoyle
  8850 | D:11     | Noticed a six-headed hydra
  8857 | D:11     | Killed a six-headed hydra
  8857 | D:11     | Reached skill level 8 in Fighting
  8894 | D:11     | Killed an unseen horror
  9031 | D:11     | Noticed a two-headed ogre
  9039 | D:11     | Killed a two-headed ogre
  9044 | D:11     | Found a staircase to the Lair.
  9047 | D:11     | Reached XP level 11. HP: 87/87 MP: 11/11
  9084 | D:11     | Noticed a brown ugly thing
  9091 | D:11     | Killed a brown ugly thing
  9354 | D:11     | Identified the +6 falchion of the Equator {freeze, MR+
                  | Int-5 Dex+5}
  9430 | D:11     | Noticed a two-headed ogre
  9440 | D:11     | Killed a two-headed ogre
  9819 | Lair:1   | Entered Level 1 of the Lair of Beasts
  9870 | Lair:1   | Reached skill level 9 in Fighting
  9870 | Lair:1   | Reached skill level 5 in Maces & Flails
 10877 | Lair:2   | Got a crude chain mail
 10888 | Lair:2   | Identified the cursed +1 chain mail of Gestures {Dex+6}
                  | (You found it on level 2 of the Lair of Beasts)
 11305 | Lair:3   | Found a staircase to the Snake Pit.
 11384 | Lair:3   | Noticed Fannar
 11417 | Lair:3   | Killed Fannar
 11541 | Lair:3   | Reached XP level 12. HP: 96/96 MP: 12/12
 11973 | Lair:3   | Noticed Rupert
 11999 | Lair:3   | Killed Rupert
 12102 | Lair:3   | Found a staircase to the Shoals.
 12337 | Lair:4   | Reached skill level 10 in Fighting
 12435 | Lair:4   | Noticed a four-headed hydra
 12457 | Lair:4   | Killed a four-headed hydra
 12519 | Lair:4   | You fall through a shaft!
 12525 | Lair:5   | Noticed a catoblepas
 12694 | Lair:4   | Found the +8 whip "Snakebite" {curare, rPois}
 13271 | Lair:5   | Gained mutation: You have hooves in place of feet. [demonic
                  | ancestry]
 13271 | Lair:5   | Reached XP level 13. HP: 51/104 MP: 13/13
 13726 | Lair:5   | Found a staircase to the Slime Pits.
 13955 | Slime:1  | Entered Level 1 of the Pits of Slime
 14034 | Slime:2  | Noticed an azure jelly
 14045 | Slime:2  | Killed an azure jelly
 14518 | Slime:2  | Noticed an acid blob
 14537 | Slime:2  | Slain by a slime creature

Levels and vault maps discovered:
D:1:      dpeg_arrival_rhombi, layout_basic
D:2:      layout_basic, chequers_ecumenical_altar_simple, minmay_misc_feat_alley
D:3:      minmay_skewed_foursquare, layout_basic, marbit_many_paths
D:4:      minmay_evil_eye, layout_loops_cross, lemuel_round_altar, first_ration,
          enter_ossuary_3
D:5:      layout_basic, minmay_temple_entry_hall, serial_shops, shop, uniq_ijyb
D:6:      layout_cave_pools
D:7:      layout_rooms, grunt_gozag_breadcrumbs,
          chequers_temple_overflow_minitemple, serial_shops,
          nicolae_shop_statue_plus
D:8:      layout_basic, makhleb_grotto_becter, gammafunk_ghost_necromancy,
          hangedman_little_slice_of_home, uniq_joseph
D:9:      layout_big_octagon, overflow_temple_1_default,
          nicolae_qazlal_style_of_elements, serial_shops, shop
D:10:     layout_basic
D:11:     layout_basic, due_lair_maze_entry_diamond
Temple:   dshaligram_water_room_temple
Lair:1:   layout_cave_pods, lemuel_fruit_tree
Lair:2:   layout_loops_ring
Lair:3:   layout_regular_city, elwin_shoals_entry_rooms,
          minmay_snake_entry_guardpost_small, grunt_megastairs_3, uniq_fannar,
          uniq_rupert
Lair:4:   minmay_guarded_unrand_snakebite, layout_misc_corridors,
          grunt_megastairs_1
Lair:5:   layout_loops_ring, minmay_slime_entry_oklob_enclosed
Slime:1:  layout_caves
Slime:2:  layout_caves
Ossuary:  ossuary_tomb_1

Skill      XL: |  1  2  3  4  5  6  7  8  9 10 11 12 |
---------------+-------------------------------------+-----
Axes           | 2 3 4 5 |  5.7
Shields        | 3 4 5 6 7 8 9 |  9.9
Armour         | 3 4 5 6 7 8 9 |  9.9
Dodging        | 1 2 3 4 5 6 8 9 |  9.5
Fighting       | 4 5 6 7 8 9 10 | 10.8
Maces & Flails | 1 3 5 7 |  7.7
Long Blades    | |  0.1

Action                   |  1- 3 |  4- 6 |  7- 9 | 10-12 | 13-15 || total
-------------------------+-------+-------+-------+-------+-------++-------
Melee: War axe           |   105 |   214 |   217 |       |       ||   536
       Kick              |    12 |    63 |    67 |       |    63 ||   205
       Whip              |       |       |   117 |  1007 |   139 ||  1263
  Use: Potion            |     2 |     6 |     1 |     4 |       ||    13
       Scroll            |       |     4 |    10 |    20 |     1 ||    35
 Stab: Distracted        |       |       |       |     2 |       ||     2
  Eat: Ration            |     2 |     1 |     5 |     5 |       ||    13
       Chunk             |       |       |       |     2 |       ||     2
Armor: Scale mail        |    65 |    97 |    90 |       |       ||   252
       Plate armour      |       |       |   114 |   329 |    74 ||   517
Dodge: Dodged            |    51 |    83 |   100 |   127 |    37 ||   398
Block: Shield            |    70 |   109 |   155 |       |       ||   334
       Large shield      |       |       |    88 |  1063 |   168 ||  1319
       Reflection        |       |       |     4 |    26 |     2 ||    32

Table legend:
 A = Non-vault XP
 B = Vault XP
 C = Vault XP percentage of total XP
 D = Non-vault monster count
 E = Vault monster count
 F = Vault count percentage of total count
                 A         B        C        D         E       F
            +---------+---------+-------+---------+---------+-------
      Total |   36336 |    9126 |  20.1 |     367 |      97 |  20.9
            +---------+---------+-------+---------+---------+-------
        D:1 |      33 |       0 |   0.0 |      16 |       0 |   0.0
        D:2 |     104 |       0 |   0.0 |      28 |       0 |   0.0
        D:3 |     158 |      17 |   9.7 |      23 |       7 |  23.3
        D:4 |     516 |      20 |   3.7 |      18 |       2 |  10.0
        D:5 |     775 |      18 |   2.3 |      21 |       1 |   4.5
        D:6 |     448 |       0 |   0.0 |      17 |       0 |   0.0
        D:7 |     742 |       0 |   0.0 |      13 |       0 |   0.0
        D:8 |    1138 |    1172 |  50.7 |      15 |      16 |  51.6
        D:9 |    1314 |       0 |   0.0 |      29 |       0 |   0.0
       D:10 |    1280 |       0 |   0.0 |      13 |       0 |   0.0
       D:11 |    7031 |    1037 |  12.9 |      52 |      10 |  16.1
     Lair:1 |    1195 |       0 |   0.0 |       7 |       0 |   0.0
     Lair:2 |    2503 |       0 |   0.0 |      11 |       0 |   0.0
     Lair:3 |    5047 |    3513 |  41.0 |      31 |       8 |  20.5
     Lair:4 |    4429 |    3162 |  41.7 |      23 |      14 |  37.8
     Lair:5 |    6913 |       0 |   0.0 |      37 |       0 |   0.0
    Slime:2 |    2710 |       0 |   0.0 |      13 |       0 |   0.0
    Ossuary |       0 |     187 | 100.0 |       0 |      39 | 100.0
            +---------+---------+-------+---------+---------+-------
